 Dungeon Crawl Stone Soup version 0.23.0-3-gf3c87f2df8 (webtiles) character file.

Game seed: 17733627140704919016

1388 Flure the Twirler (level 9, -12/102 (103) HPs)
             Began as a Formicid Fighter on Feb 22, 2019.
             Was a Believer of the Shining One.
             Mangled by Pikel the polar bear (18 damage)
             ... on level 8 of the Dungeon.
             The game lasted 00:07:34 (4153 turns).

Flure the Twirler (Formicid Fighter)                Turns: 4153, Time: 00:07:35

HP:   -12/102 (103) AC: 24    Str: 20    XL:     9   Next: 0%
MP:   9/9           EV:  2    Int: 12    God:    the Shining One [**....]
Gold: 295           SH: 10    Dex: 10    Spells: 8/8 levels left

rFire    . . .     SeeInvis .   a - +0 quarterstaff
rCold    . . .     Gourm    .   c - +0 shield
rNeg     + + +     Faith    .   (armour currently unavailable)
rPois    +         Spirit   .   (helmet unavailable)
rElec    .         Reflect  .   (cloak currently unavailable)
rCorr    .         Harm     .   (gloves currently unavailable)
MR       .....                  (boots currently unavailable)
Stlth    +.........             (no amulet)
HPRegen  0.27/turn              (no ring)
MPRegen  0.11/turn              (no ring)

@: tree-form, glowing
A: permanent stasis, dig shafts and tunnels, four strong arms
a: Divine Shield, Renounce Religion


You were on level 8 of the Dungeon.
You worshipped the Shining One.
The Shining One was pleased with you.
You were hungry.
You were a tree.
You visited 1 branch of the dungeon, and saw 6 of its levels.
You also visited: Sewer.

You collected 295 gold pieces.

Inventory:

Hand Weapons
 a - a +0 quarterstaff (weapon)
Armour
 b - a +0 scale mail (melded)
 c - a +0 shield (worn)
 s - a +0 pair of gloves (melded)
Magical Staves
 v - an uncursed staff of poison {unknown}
Jewellery
 k - an uncursed ring of ice {unknown}
 m - an uncursed ring of stealth {unknown}
 n - an uncursed ring of fire {unknown}
 u - an uncursed ring of poison resistance {unknown}
Wands
 o - a wand of polymorph (7)
Scrolls
 e - 6 scrolls of identify {unknown}
 h - 3 scrolls of enchant weapon {unknown}
 i - 2 scrolls of teleportation {unknown}
 q - a scroll of fear {unknown}
Potions
 d - 3 potions of might
 g - a potion of lignification
 j - a potion of flight {unknown}
 l - 4 potions of heal wounds {unknown}
 p - 4 potions of brilliance {unknown}
 r - 7 potions of curing {unknown}
 t - a potion of agility {unknown}
Comestibles
 f - 7 rations


   Skills:
 + Level 5.9 Fighting
 + Level 7.6 Staves
 - Level 4.2 Armour
 + Level 1.8 Dodging
 + Level 1.2 Stealth
 + Level 6.3 Shields


You had 8 spell levels left.
You didn't know any spells.
Your spell library was empty.

Dungeon Overview and Level Annotations

Branches:
Dungeon (5/15)             Temple (0/1) D:5

Altars:
Cheibriados
Nemelex Xobeh
Trog
The Shining One

Annotations:
D:8 Pikel


Innate Abilities, Weirdness & Mutations

You cannot be hasted, slowed, berserked, paralysed or teleported.
You can dig through walls and to a lower floor.
Your four strong arms can wield two-handed weapons with a shield.
((You have a pair of large antennae on your head. (SInv)))


Message History

Really quaff the potion of lignification?
You turn into a tree.
Your +0 pair of gloves melds into your body.
Your +0 scale mail melds into your body.
Your roots penetrate the ground.
Pikel barely misses you.
Pikel claws you but does no damage. x2; Pikel bites you!
* * * LOW HITPOINT WARNING * * *
You block Pikel's attack. x2
You sock Pikel!
Pikel is severely wounded.
Pikel bites you but does no damage. You block Pikel's attack.
Pikel claws you but does no damage.
You sock Pikel!
Pikel is almost dead.
You block Pikel's attack. x2; Pikel claws you but does no damage.
Pikel bites you but does no damage. Pikel claws you but does no damage. x2
You hit Pikel but do no damage.
Pikel is almost dead.
Pikel bites you!!
You die...

.# .... ..# #
..####.# ...... #
#.#.####
###.###p5.....{pK
#....♣hKY######..
#.#.###O.#)=....p
# #..#{{..p..
#..#.{.O...
#..#.......
#..#.......
#......K...
#....{.....
#....{.....


You could see Pikel the polar bear (berserk), a sky beast, a big kobold, an
ogre, a slave and a crimson imp.

Vanquished Creatures
  A phantom (D:3)
  2 ogres
  A necrophage (D:5)
  A bullfrog (D:8)
  A big kobold (Sewer)
  2 scorpions
  2 howler monkeys (D:5)
  A bullfrog zombie (D:8)
  A crimson imp (D:5)
  A centaur skeleton (D:5)
  A hound (D:4)
  2 orc priests
  7 orc wizards
  Terence (D:3)
  An iguana (D:5)
  A hound skeleton (D:4)
  11 adders
  4 gnolls (D:2)
  2 oozes (D:1)
  2 adder skeletons
  A worm (D:2)
  3 dart slugs
  3 leopard geckos (D:4)
  30 orcs
  14 bats
  8 giant cockroaches
  5 hobgoblins
  2 jackals (D:4)
  17 kobolds
  A quokka (D:4)
  4 ball pythons
  2 frilled lizards
  5 goblins (D:1)
  2 quokka skeletons (D:5)
  13 rats
155 creatures vanquished.

Notes
Turn   | Place    | Note
-------+----------+-------------------------------------------
     0 | D:1      | Flure the Formicid Fighter began the quest for the Orb.
     0 | D:1      | Reached XP level 1. HP: 18/18 MP: 1/1
    57 | D:1      | Reached XP level 2. HP: 24/24 MP: 2/2
   155 | D:1      | Reached XP level 3. HP: 25/29 MP: 3/3
   605 | D:2      | Reached skill level 3 in Staves
   605 | D:2      | Reached XP level 4. HP: 34/35 MP: 4/4
  1427 | D:2      | Reached XP level 5. HP: 42/42 MP: 5/5
  1890 | D:3      | Noticed a phantom
  1956 | D:3      | Killed a phantom
  1956 | D:3      | Reached skill level 4 in Staves
  1956 | D:3      | Reached XP level 6. HP: 29/49 MP: 6/6
  2086 | D:3      | Noticed Terence
  2096 | D:3      | Killed Terence
  2237 | D:3      | Found a glowing golden altar of the Shining One.
  2271 | D:3      | Became a worshipper of the Shining One
  2775 | D:3      | Reached skill level 5 in Shields
  2775 | D:3      | Reached XP level 7. HP: 41/55 MP: 7/7
  2860 | D:4      | Reached skill level 5 in Staves
  2930 | D:4      | Found a glowing drain.
  2955 | Sewer    | Entered a sewer
  3071 | Sewer    | Reached skill level 1 in Dodging
  3314 | D:4      | Reached * piety under the Shining One
  3405 | D:4      | Found a sparkling altar of Nemelex Xobeh.
  3458 | D:4      | Reached skill level 6 in Staves
  3458 | D:4      | Reached XP level 8. HP: 39/61 MP: 8/8
  3603 | D:4      | Found a bloodstained altar of Trog.
  3725 | D:4      | Found a snail-covered altar of Cheibriados.
  3733 | D:4      | Reached skill level 5 in Fighting
  3909 | D:5      | Entered Level 5 of the Dungeon
  3965 | D:5      | Reached skill level 1 in Stealth
  3966 | D:5      | Found a staircase to the Ecumenical Temple.
  3978 | D:5      | Reached skill level 7 in Staves
  4113 | D:5      | You fall through a shaft for 3 floors!
  4114 | D:8      | Reached ** piety under the Shining One
  4115 | D:8      | Noticed Pikel
  4136 | D:8      | Reached XP level 9. HP: 48/68 MP: 9/9
  4137 | D:8      | Noticed Pikel
  4137 | D:8      | Pikel changed into Pikel the polar bear
  4150 | D:8      | HP: 5/102 [Pikel the polar bear (9)]
  4153 | D:8      | Mangled by Pikel the polar bear

Skill      XL: |  1  2  3  4  5  6  7  8 |
---------------+-------------------------+-----
Staves         | 3 4 6 7 |  7.6
Armour         | 4 |  4.2
Shields        | 4 5 6 |  6.3
Fighting       | 4 5 |  5.9
Dodging        | 1 |  1.8
Stealth        | 1 |  1.2

Action                   |  1- 3 |  4- 6 |  7- 9 || total
-------------------------+-------+-------+-------++-------
Melee: Quarterstaff      |    68 |   208 |   259 ||   535
Evoke: Wand              |       |       |     1 ||     1
  Use: Potion            |       |     1 |     1 ||     2
  Eat: Chunk             |       |     3 |     4 ||     7
       Ration            |       |     1 |       ||     1
Armor: Scale mail        |    30 |    70 |   116 ||   216
       Skin              |       |       |     8 ||     8
Dodge: Dodged            |    17 |    71 |    80 ||   168
Block: Shield            |    27 |   114 |   145 ||   286
